 Dungeon Crawl Stone Soup version 0.25.1-2-g60ff931df9 (webtiles) character file.

Game seed: 9078664353230327252

257 Asdor the Poker (level 5, 0/39 HPs)
             Began as a Demonspawn Gladiator on Oct 21, 2020.
             Killed from afar by an orc wizard (6 damage)
             ... with a magic dart
             ... on level 3 of the Dungeon.
             The game lasted 00:04:51 (2934 turns).

Asdor the Poker (Demonspawn Gladiator)              Turns: 2934, Time: 00:04:51

Health: 0/39       AC:  5    Str: 15    XL:     5   Next: 93%
Magic:  5/5        EV: 10    Int: 10    God:
Gold:   100        SH:  7    Dex: 14    Spells: 4/4 levels left

rFire    . . .     SeeInvis .   a - +0 trident
rCold    + . .     Gourm    .   l - +0 kite shield
rNeg     . . .     Faith    .   b - +0 leather armour
rPois    .         Spirit   .   g - +1 helmet
rElec    .         Reflect  .   (no cloak)
rCorr    .         Harm     .   (no gloves)
MR       .....                  (no boots)
Stlth    +.........             n - amulet of regeneration (curse)
HPRegen  0.53/turn              k - ring of protection from cold
MPRegen  0.09/turn              (no ring)

@: brilliant, about to teleport, stab
A: claws 2
a: no special abilities


You were on level 3 of the Dungeon.
You were very hungry.

You visited 1 branch of the dungeon, and saw 3 of its levels.

You collected 100 gold pieces.

Inventory:

Hand Weapons
 a - a +0 trident (weapon)
Missiles
 d - 3 throwing nets (quivered)
 h - 3 silver boomerangs
Armour
 b - a +0 leather armour (worn)
 c - a +0 helmet
 g - a +1 helmet (worn)
 i - a +0 ring mail
 l - a +0 kite shield (worn)
Jewellery
 k - a ring of protection from cold (left claw)
 n - a cursed amulet of regeneration (around neck)
Scrolls
 e - a scroll of identify
 j - a scroll of immolation
 m - a scroll of teleportation
 o - 2 scrolls of remove curse
Comestibles
 f - 7 rations


   Skills:
 + Level 2.3 Fighting
 + Level 4.8 Polearms
 - Level 3.1 Throwing
 + Level 1.0 Armour
 + Level 3.0 Dodging
 + Level 0.9 Shields


You had 4 spell levels left.
You didn't know any spells.
Your spell library was empty.

Dungeon Overview and Level Annotations

Branches:
Dungeon (3/15)

Altars:
Ashenzari
Sif Muna

Annotations:
D:3 1 runed translucent door, SkiLLzEr0's ghost, amateur MiFi


Innate Abilities, Weirdness & Mutations

You have very sharp fingernails.


Message History

The puff of frost hits you. You resist.
* * * LOW HITPOINT WARNING * * *
It was a potion of brilliance.
You feel clever all of a sudden. Something hits you.
* * * LOW HITPOINT WARNING * * *
Something hits you.
* * * LOW HITPOINT WARNING * * *
It was a potion of stabbing.
You feel ready to backstab. Something hits you but does no damage.
Something hits you but does no damage.
Okay, then.
Something hits you but does no damage.
As you read the scroll of teleportation, it crumbles to dust.
You feel strangely unstable.
You hear some strange, mumbled words.
A magic dart appears from out of thin air!
The magic dart hits you.
You die...

#.## ##.##....#≈≈≈≈≈≈≈#.##
##.. #.#
#.......#≈≈...≈≈#..###.##
#.##
##.......#≈≈._.≈≈#......#
#..##
##.###....#≈≈...≈≈#......##
#.#.###.##
##...#≈≈≈.≈≈≈#........
#.##.>.##
##.)##≈≈.≈≈####......
#.###### #).####'###
#...### #.# #.{####.##
#...# #.# #..@.##..# #...#
#.# #.##.###.#####.#.# ..#
#......#.......#.# ###
#......######.##.#
#..........<...#.#
##.....####......# #.....#
#......# ###.### #.....##
##### #.# ##...##


There were no monsters in sight!

Vanquished Creatures
  Jessica (D:2)
  7 adders (D:2)
  6 gnolls
  2 oozes (D:1)
  5 dart slugs
  A leopard gecko (D:2)
  2 orcs (D:3)
  6 bats
  4 giant cockroaches
  17 goblins
  13 hobgoblins
  3 jackals (D:3)
  7 kobolds
  2 quokkas
  2 ball pythons
  A frilled lizard (D:3)
  4 rats
83 creatures vanquished.

Notes
Turn   | Place    | Note
-------+----------+-------------------------------------------
     0 | D:1      | Asdor the Demonspawn Gladiator began the quest for the Orb.
     0 | D:1      | Reached XP level 1. HP: 16/16 MP: 1/1
    38 | D:1      | Reached skill level 3 in Polearms
   128 | D:1      | Gained mutation: You have sharp fingernails. [demonic
                  | ancestry]
   128 | D:1      | Reached XP level 2. HP: 21/22 MP: 2/2
   449 | D:1      | Reached XP level 3. HP: 27/27 MP: 3/3
   931 | D:2      | Noticed Jessica
   939 | D:2      | Killed Jessica
   939 | D:2      | Reached skill level 4 in Polearms
   939 | D:2      | Gained mutation: You have very sharp fingernails. [demonic
                  | ancestry]
   939 | D:2      | Reached XP level 4. HP: 22/33 MP: 4/4
  1473 | D:2      | Reached XP level 5. HP: 35/38 MP: 5/5
  1841 | D:2      | Found a shattered altar of Ashenzari.
  2439 | D:3      | Reached skill level 1 in Armour
  2843 | D:3      | Found a runed translucent door.
  2844 | D:3      | Noticed SkiLLzEr0's ghost (amateur MiFi)
  2873 | D:3      | Found a shimmering blue altar of Sif Muna.
  2934 | D:3      | Killed from afar by an orc wizard

Illustrated notes

Levels and vault maps discovered:
D:1:      wander_arrival_desolate, layout_loops_ring
D:2:      layout_loops_ring, lemuel_statue_altar, uniq_jessica
D:3:      layout_loops_ring, led_sif_pool, first_ration, gammafunk_ghost_grave

Skill      XL: |  1  2  3  4  5 |
---------------+----------------+-----
Throwing       | 2 3 |  3.1
Polearms       | 3 4 |  4.8
Dodging        | 3 |  3.0
Armour         | 1 |  1.0
Fighting       | |  2.3
Shields        | |  0.9

Action                   |  1- 3 |  4- 6 || total
-------------------------+-------+-------++-------
Melee: Trident           |   117 |   223 ||   340
  Use: Potion            |       |     3 ||     3
       Scroll            |       |     4 ||     4
 Stab: Distracted        |       |     1 ||     1
  Eat: Chunk             |       |     6 ||     6
Armor: Leather armour    |    26 |    66 ||    92
Dodge: Dodged            |    54 |    85 ||   139
Block: Kite shield       |       |    73 ||    73
